 Dungeon Crawl Stone Soup version 0.31.0-11-ge490571c62 (webtiles) character file.

Game seed: 12319532558072647070

19 Gadfly the Ruffian (level 2, -3/21 HPs)
             Began as a Demonspawn Shapeshifter on Jan 27, 2024.
             Slain by Jessica
             ... wielding a +0 dagger
              (5 damage)
             ... on level 2 of the Dungeon.
             The game lasted 00:01:09 (694 turns).

Gadfly the Ruffian (Demonspawn Shapeshifter)         Turns: 694, Time: 00:01:10

Health: -3/21      AC:  2    Str: 14    XL:     2   Next: 55%
Magic:  2/2        EV: 12    Int: 10    God:
Gold:   53         SH:  0    Dex: 12    Spells: 1/1 levels left

rFire   . .          .
                       - Unarmed
rCold   . . .        (no shield)
rNeg    . . .        a - +0 animal skin
rPois   .            (helmet currently unavailable)
rElec   .            (cloak currently unavailable)
rCorr   .            (gloves currently unavailable)
SInv    .            g - melded +0 pair of boots
Will    .....        (no amulet)
Stlth   +            (no ring)
HPRegen 0.23/turn    (no ring)
MPRegen 0.08/turn

%: no passive effects
@: beast-form
A: beast (slay +1), spiny 1
a: Begin Untransformation


You were on level 2 of the Dungeon.
You were a hulking beast.
You visited 1 branch of the dungeon, and saw 2 of its levels.

You collected 53 gold pieces.

Inventory:

Armour
 a - a +0 animal skin (worn)
 g - a +0 pair of boots (melded)
Talismans
 c - a beast talisman (active)
 d - a flux talisman
Scrolls
 e - a scroll of identify
 h - a scroll of revelation
Potions
 b - a potion of lignification
 f - a potion of haste


   Skills:
 + Level 1.2 Fighting
 * Level 2.1 Dodging
 + Level 2.8 Unarmed Combat
 * Level 1.0 Evocations
 + Level 2.7 Shapeshifting


You had one spell level left.
You didn't know any spells.
Your spell library contained the following spells:

 Spells                   Type           Power      Damage    Failure   Level
 Inner Flame              Hex/Fire       0%         N/A       75%         3
 Flame Wave               Conj/Fire      0%         2d4       98%         4
 Sticky Flame             Fire/Alch      0%         2d4       98%         4


Dungeon Overview and Level Annotations

Branches:
Dungeon (2/15)

Altars:

Shops:
D:1 ?

Annotations:
D:2 Jessica


Innate Abilities, Weirdness & Mutations

You are a hulking beast.
Your limbs bulge with bestial killing power. (Slay +1)
You are partially covered in sharp spines.


Message History

Jessica blinks!
The hobgoblin is struck by your spines. The hobgoblin hits you.
You closely miss the hobgoblin.
The hobgoblin is moderately wounded.
The hobgoblin hits you.
You are too injured to fight recklessly!
You are too injured to fight recklessly!
You are too injured to fight recklessly!
You are too injured to fight recklessly!
You are too injured to fight recklessly!
You are too injured to fight recklessly!
You are too injured to fight recklessly!
You are too injured to fight recklessly!
You are too injured to fight recklessly!
You are too injured to fight recklessly!
You are too injured to fight recklessly!
You are too injured to fight recklessly!
You are too injured to fight recklessly!
You are too injured to fight recklessly!
You are too injured to fight recklessly!
Unknown command.
You barely miss the hobgoblin.
The hobgoblin is moderately wounded.
The hobgoblin closely misses you.
You hit the hobgoblin.
You kill the hobgoblin!
Jessica hits you with a +0 dagger.
* * * LOW HITPOINT WARNING * * *
You are too injured to fight recklessly!
You hit Jessica.
Jessica is moderately wounded.
Jessica casts a spell at you. You resist with some effort.
You hit Jessica.
Jessica is heavily wounded.
Jessica is struck by your spines. Jessica hits you with a +0 dagger.
* * * LOW HITPOINT WARNING * * *
You completely miss Jessica.
Jessica is severely wounded.
Jessica is struck by your spines. Jessica hits you with a +0 dagger.
You die...

### .. ..
... #.##...
.......
..... ##@.#
#h.# ##.##
.#####..###
..........#
###.......#
#.......#
#.......##
#........#
#.......<#


You could see Jessica.

Vanquished Creatures
  A ribbon worm (D:1)
  4 endoplasms (D:1)
  A giant cockroach (D:1)
  3 hobgoblins
  3 ball pythons (D:1)
  A bat (D:1)
  3 kobolds (D:1)
16 creatures vanquished.

Notes
Turn   | Place    | Note
-------+----------+-------------------------------------------
     0 | D:1      | Gadfly the Demonspawn Shapeshifter began the quest for the
                  | Orb.
     0 | D:1      | Reached XP level 1. HP: 15/15 MP: 1/1
    10 | D:1      | Found Xoacvabuch's Magic Scroll Shoppe.
   265 | D:1      | Gained mutation: You are partially covered in sharp spines.
                  | [demonic ancestry]
   265 | D:1      | Reached XP level 2. HP: 21/21 MP: 2/2
   628 | D:1      | Reached skill level 1 in Evocations
   682 | D:2      | Noticed Jessica
   694 | D:2      | Slain by Jessica

Illustrated notes

Levels and vault maps discovered:
D:1:      saegor_arrival_simple_a, layout_basic, serial_shops, shop,
          minmay_pentomino_v2
D:2:      layout_rooms, grunt_ministairs_8, corexii_shack, uniq_jessica

Skill      XL: |  1  2 |
---------------+-------+-----
Dodging        | 2 |  2.1
Evocations     | 1 |  1.0
Fighting       | |  1.2
Unarmed Combat | |  2.8
Shapeshifting  | |  2.7

Action                     || total
---------------------------++-------
  Melee: Unarmed           ||    42
         Punch             ||     4
Ability: Begin Untransform ||     1
    Use: Scroll            ||     5
 Armour: Animal skin       ||    13
  Dodge: Dodged            ||    24
   Form: Beast             ||     1
